 Dungeon Crawl Stone Soup version 0.11.3 (webtiles) character file.

193 CodaKJazz the Sneak (level 4, -2/28 HPs)
             Began as a Sludge Elf Stalker on June 18, 2023.
             Slain by an ogre
             ... wielding a +0,+0 giant spiked club
              (29 damage)
             ... on Level 4 of the Dungeon.
             The game lasted 00:12:40 (3139 turns).

CodaKJazz the Sneak (Sludge Elf Stalker)            Turns: 3139, Time: 00:12:40

HP  -2/28        AC  5     Str 10      XL: 4   Next: 72%
MP   0/6         EV 13     Int 13      God:
Gold 93          SH  0     Dex 17      Spells:  2 memorised,  3 levels left

Res.Fire  : . . .   See Invis. : .   a - +2 elf dagger {=f}
Res.Cold  : . . .   Warding    : .   w - +0 elf robe
Life Prot.: . . .   Conserve   : .   (no shield)
Res.Poison: .       Res.Corr.  : .   (no helmet)
Res.Elec. : .       Clarity    : .   c - +0 elf cloak
Sust.Abil.: . .     Spirit.Shd : .   (no gloves)
Res.Mut.  : .       Stasis     : .   s - +1 pair of boots
Res.Rott. : .       Ctrl.Telep.: .   (no amulet)
Saprovore : . . .   Levitation : .   (no ring) Ctrl.Flight: .
                                     (no ring)

@: slightly resistant to hostile enchantments, quite stealthy
A: no striking features
a: no special abilities


You were on level 4 of the Dungeon.
You were not hungry.

You visited 1 branch of the dungeon, and saw 4 of its levels.

You collected 73 gold pieces.

Inventory:

Hand weapons
 a - a +2,+2 elven dagger (weapon) {=f}
 b - a +2 blowgun
 r - a -1,+0 orcish dagger
 t - a +0,+0 dagger
 x - a +1,+0 elven short sword
 y - a +0,+2 sabre
 z - a +1,+1 dwarven hand axe
 H - a +0,+0 orcish club
 J - a +0,+1 orcish dagger
Missiles
 j - 27 bolts
 n - 43 stones (quivered)
 v - 5 darts
 B - 23 sling bullets of flame
 F - 18 arrows
 L - 20 poisoned needles
Armour
 c - a +0 elven cloak (worn)
 s - a +1 pair of boots (worn)
 w - a +0 elven robe (worn)
Magical devices
 m - a wand of slowing (15)
Comestibles
 f - 5 bread rations
 i - 3 meat rations
 o - an orange
 K - an apple
 M - a pear
Scrolls
 q - a scroll of blinking {unknown}
 A - 2 scrolls of fog
 D - a scroll of recharging
 G - a scroll of fear
 I - a scroll of teleportation
Potions
 e - 10 potions of confusion
 g - 3 potions of water
 h - 4 potions of heal wounds
 k - 3 potions of poison
 l - a potion of restore abilities
 u - 2 potions of speed {unknown}
 C - a potion of might {unknown}
Books
 d - a book of Stalking

   Spells                             Type                      Level
   *Fulsome Distillation              Transmutation/Necromancy     1
   *Evaporate                         Fire/Transmutation           2
   Passwall                           Transmutation/Earth          3
   Petrify                            Transmutation/Earth          4
   Dig                                Transmutation/Earth          4


   Skills:
 + Level 1.8 Fighting
 + Level 2.1 Short Blades
 + Level 1.7 Throwing
 + Level 2.4 Dodging
 - Level 3.4 Stealth
 + Level 2.3 Stabbing
 + Level 0.3 Traps & Doors
 + Level 1.7 Spellcasting
 + Level 2.8 Transmutations
 + Level 0.3 Fire Magic


You had 3 spell levels left.
You knew the following spells:

 Your Spells              Type           Power        Failure   Level  Hunger
x - Evaporate             Fire/Trmt      ##.....      24%         2    ###....
z - Fulsome Distillation  Trmt/Necr      N/A          17%         1    ##.....


Dungeon Overview and Level Annotations

Branches:
Dungeon (4/27)
 Temple: D:4-7

Altars:

Annotations
D:2 Jessica


Message History

Press: ? - help, Shift-Dir - straight line, f/p - ogre
Aim: an ogre, wielding a giant spiked club That beam is likely to hit you.
Continue anyway?
The potion explodes!
The cloud engulfs the ogre.
The cloud engulfs you!
* * * LOW HITPOINT WARNING * * *
You are feeling hungry.
You are engulfed in noxious fumes.
You choke on the stench!
You are confused.
* * * LOW HITPOINT WARNING * * *
You hear a shout!
Ouch! You are engulfed in noxious fumes.
You choke on the stench!
You are more confused.
* * * LOW HITPOINT WARNING * * *
The ogre is engulfed in noxious fumes.
The ogre closely misses you.
Drink which item? (? for menu, Esc to quit)
You feel much better.
You feel less confused.
The ogre hits you with a giant spiked club!
Ouch! That really hurt!
You die...

#........[.....,,,,
#.#.............,,*
#......).###...****
#........# ***,* *
#.....#..# *,* *
#.###.#..### *,****
####.###.#....###,*,,,
#......#.#......#,*,**
#....@O#.#......#,*,**
#.....§.........#,*,*,
########§#....###,*,*,
#.#.#### *,*,*,
##.#....# *,*,*,
#......$# *,*,*,
#.......# *,,,,,
#....#### * ,,,,
********#....#** *,,,*


You could see an ogre.

Vanquished Creatures
  Terence (D:2)
  3 adders
  An orc (D:3)
  7 giant cockroaches
  5 hobgoblins
  2 jackals (D:3)
  7 kobolds
  3 quokkas
  3 ball pythons
  4 bats
  4 giant geckos
  3 giant newts
  7 goblins
  6 rats
56 creatures vanquished.

Notes
Turn   | Place    | Note
--------------------------------------------------------------
     0 | D:1      | CodaKJazz, the Sludge Elf Stalker, began the quest for the Orb.
     0 | D:1      | Reached XP level 1. HP: 13/13 MP: 1/1
   109 | D:1      | Reached skill level 1 in Short Blades
   607 | D:1      | Reached XP level 2. HP: 16/18 MP: 3/3
   828 | D:1      | Learned a level 2 spell: Evaporate
   845 | D:2      | Reached skill level 3 in Stealth
   958 | D:2      | Noticed Terence
  1383 | D:1      | Reached skill level 1 in Throwing
  1627 | D:1      | Reached XP level 3. HP: 16/23 MP: 4/4
  2019 | D:2      | Noticed Jessica
  2078 | D:2      | Killed Terence
  2175 | D:2      | Reached XP level 4. HP: 26/28 MP: 6/6
  2926 | D:4      | HP: 1/28 [poisoned by a kobold]
  3057 | D:4      | Noticed an ogre
  3139 | D:4      | Slain by an ogre
